 Dungeon Crawl Stone Soup version 0.29.1-15-g9cfb28693d (webtiles) character file.

Game seed: 7070314161213625051

2434 Sanktem7 the Fighter (level 9, -3/83 HPs)
             Began as a Minotaur Fighter on Mar 9, 2023.
             Was a Believer of Okawaru.
             Slain by a gnoll sergeant
             ... wielding a +3 spear of flaming
              (9 damage)
             ... on level 7 of the Dungeon.
             The game lasted 00:11:28 (6925 turns).

Sanktem7 the Fighter (Minotaur Fighter)             Turns: 6925, Time: 00:11:28

Health: -3/83      AC: 15    Str: 25    XL:     9   Next: 24%
Magic:  8/8        EV: 13    Int:  5    God:    Okawaru [**....]
Gold:   326        SH:  4    Dex: 10    Spells: 8/8 levels left

rFire   . . .      SeeInvis .   v - +4 mace {mace}
rCold   . . .      Faith    +   c - +0 buckler
rNeg    . . .      Spirit   .   b - +0 scale mail
rPois   .          Reflect  .   (helmet restricted)
rElec   .          Harm     .   l - +2 cloak
rCorr   .          Rampage  .   (no gloves)
Will    .....                   (no boots)
Stlth   ..........              F - amulet of faith {!P}
HPRegen 0.23/turn               i - +4 ring of protection
MPRegen 0.11/turn               s - +4 ring of evasion

@: no status effects
A: horns 2, retaliatory headbutt
a: Renounce Religion, Heroism


You were on level 7 of the Dungeon.
You worshipped Okawaru.
Okawaru was pleased with you.
You visited 2 branches of the dungeon, and saw 8 of its levels.

You collected 326 gold pieces.


Innate Abilities, Weirdness & Mutations

You have a pair of horns on your head.
You reflexively headbutt those who attack you in melee.


   Skills:
 * Level 9.3 Fighting
 - Level 8.0(8.5) Axes
 * Level 4.5(6.8) Maces & Flails
 + Level 4.7 Throwing
 + Level 6.9 Armour
 - Level 3.6 Shields


You had 8 spell levels left.
You didn't know any spells.
Your spell library contained the following spells:

 Spells                   Type           Power      Damage    Failure   Level
 Passage of Golubria      Tloc           0%         N/A       100%        4
 Yara's Violent Unravell  Hex/Tmut       0%         3d3       100%        5
 Tukima's Dance           Hex            Unusable   N/A       N/A         3

Inventory:

Hand Weapons
 a - a +0 war axe {axe}
 q - a +1 dagger of draining {short}
   (You took it off an orc wizard on level 7 of the Dungeon)
 v - a +4 mace (weapon) {mace}
   (You took it off a wight on level 6 of the Dungeon)
Missiles
 g - 6 boomerangs (quivered) {throwing}
 u - 12 poisoned darts {throwing}
 I - a curare-tipped dart {=fthrowing}
 J - 2 javelins {throwing}
Armour
 b - a +0 scale mail (worn)
 c - a +0 buckler (worn)
 l - a +2 cloak (worn)
   (You took it off Crazy Yiuf on level 5 of the Dungeon)
Jewellery
 i - a +4 ring of protection (left hand)
   (You found it on level 1 of the Dungeon)
 s - a +4 ring of evasion (right hand)
   (You found it on level 2 of the Dungeon)
 F - an amulet of faith (around neck) {!P}
   (You found it on level 4 of the Dungeon)
Wands
 m - a wand of polymorph (3)
   (You took it off Crazy Yiuf on level 5 of the Dungeon)
 L - a wand of iceblast (5)
   (You found it on level 5 of the Dungeon)
Scrolls
 h - 2 scrolls of magic mapping {!r}
 j - a scroll of fear
 k - a scroll of vulnerability {!r!r}
 r - a scroll of poison {unknown}
 B - a scroll of teleportation {@r4}
Potions
 d - a potion of might
 e - 3 potions of heal wounds {@q2}
 f - 2 potions of attraction {!q}
 n - a potion of ambrosia
 o - a potion of invisibility
 p - 2 potions of lignification {!q}
 t - 2 potions of curing {@q1}
 w - a potion of brilliance {unknown}
 z - a potion of berserk rage {unknown}
 A - a potion of haste {unknown}
 G - 2 potions of degeneration {unknown}

Dungeon Overview and Level Annotations

Branches:
Dungeon (7/15) Zot: 25886  Temple (1/1) D:5 Zot: 5986

Altars:
Elyvilon
Fedhas
Hepliaklqana
Makhleb
Okawaru
Qazlal
Ru
Trog
Vehumet
Wu Jian
Zin

Shops:
D:5

[ . #.###.# ..## ##
.####...## ## #...##.#
#.###.### ?# #.....##
...##.## ##.# #......
.......####.## #...)#
........#..#.###...#
.........####.)g...#
.........# ##g)g..###..
......##.## #.g@.......
...#####..## ##.........
...# ##....## ##........
...###<.....# #......##
..........#.........#...
..##.....#..#####.... ..
...........## ..... .
..........## ......
...........#


You could see a gnoll sergeant and 3 gnolls.


Message History

You furiously retaliate!
You headbutt the gnoll. You hit the gnoll. Your headbutt misses the gnoll.
The gnoll hits you but does no damage. The gnoll misses you.
The gnoll hits you but does no damage. x3 😮 HP[+1]
You closely miss the gnoll. The gnoll hits you but does no damage.
The gnoll completely misses you.
A gnoll comes into view. It is wielding a +0 halberd.
You block the gnoll's attack. The gnoll hits you but does no damage.
The gnoll shouts!
You hit the gnoll. The gnoll hits you but does no damage.
You block the gnoll's attack. The gnoll closely misses you.
You hit the gnoll. You headbutt the gnoll.
You kill the gnoll!
Okawaru accepts your kill. You block the gnoll's attack.
The gnoll sergeant barely misses you. The gnoll hits you but does no damage.
The gnoll is no longer moving quickly.
The gnoll hits you from afar with a +0 halberd.
The gnoll misses you. The gnoll hits you but does no damage.
Items here: ))) [ †††.
You hit the gnoll. You block the gnoll's attack.
The gnoll hits you with a +0 club. The gnoll closely misses you.
The gnoll barely misses you. 😮 HP[-3]
You take 3 damage, and now have 59/83 hp.
You sock the gnoll!
The gnoll is no longer moving quickly.
The gnoll sergeant barely misses you.
The gnoll hits you from afar with a +0 halberd.
The gnoll hits you from afar with a +0 halberd!
The gnoll closely misses you. You block the gnoll's attack. 😮 HP[-12]
You take 12 damage, and now have 47/83 hp.
You barely miss the gnoll.
The gnoll sergeant hits you with a +3 spear of flaming.
The gnoll sergeant burns you. You block the gnoll's attack.
The gnoll hits you but does no damage. The gnoll closely misses you.
The gnoll hits you but does no damage. The gnoll barely misses you. 😮 HP[-5]
You take 5 damage, and now have 42/83 hp.
You hit the gnoll. Your headbutt misses the gnoll.
The gnoll sergeant barely misses you. You block the gnoll's attack.
The gnoll closely misses you.
The gnoll hits you from afar with a +0 halberd.
* * * LOW HITPOINT WARNING * * *
The gnoll hits you but does no damage. The gnoll completely misses you.
The gnoll closely misses you.
The gnoll sergeant barely misses you. 😨 HP[-5]
You take 5 damage, and now have 37/83 hp.
You sock the gnoll!
You kill the gnoll!
Okawaru accepts your kill.
The gnoll sergeant is no longer moving quickly.
The gnoll barely misses you.
The gnoll hits you but does no damage. x2
The gnoll barely misses you.
The gnoll sergeant hits you but does no damage.
You hit the gnoll.
The gnoll hits you but does no damage. x2
The gnoll barely misses you. x2
The gnoll hits you from afar with a +0 halberd.
* * * LOW HITPOINT WARNING * * *
The gnoll sergeant barely misses you. The gnoll barely misses you. 😨 HP[-5]
You take 5 damage, and now have 32/83 hp.
You sock the gnoll! You headbutt the gnoll.
You kill the gnoll!
Okawaru accepts your kill. The gnoll hits you but does no damage.
The gnoll misses you. The gnoll closely misses you.
The gnoll sergeant hits you with a +3 spear of flaming.
* * * LOW HITPOINT WARNING * * *
The gnoll sergeant burns you.
* * * LOW HITPOINT WARNING * * *
The gnoll barely misses you. 😨 HP[-2]
You take 2 damage, and now have 30/83 hp.
You block the gnoll's attack. The gnoll closely misses you.
The gnoll hits you with a +0 halberd!
* * * LOW HITPOINT WARNING * * *
You block the gnoll sergeant's attack. The gnoll closely misses you.
Things that are here:
a +0 club {mace}; a +0 club {mace}; 😱 HP[-10]
You take 10 damage, and now have 20/83 hp.
You sock the gnoll!
You kill the gnoll!
Okawaru accepts your kill. The gnoll hits you with a +0 spear.
* * * LOW HITPOINT WARNING * * *
The gnoll hits you with a +0 halberd.
* * * LOW HITPOINT WARNING * * *
The gnoll sergeant hits you with a +3 spear of flaming!
* * * LOW HITPOINT WARNING * * *
The gnoll sergeant burns you.
* * * LOW HITPOINT WARNING * * *
The gnoll barely misses you. The gnoll closely misses you. 😱 HP[-14]
You take 14 damage, and now have 6/83 hp.
The gnoll sergeant attacks as you move away!
The gnoll sergeant closely misses you. The gnoll hits you but does no damage.
The gnoll sergeant hits you from afar with a +3 spear of flaming!
You die...

Skill      XL: |  1  2  3  4  5  6  7  8  9 |
---------------+----------------------------+-----
Fighting       | 4 5 6 7 8 9 |  9.3
Axes           | 3 4 5 6 8 |  8.0
Armour         | 4 5 6 |  6.9
Throwing       | 1 2 3 4 |  4.7
Maces & Flails | 3 4 |  4.5
Shields        | |  3.6

Action                   |  1- 3 |  4- 6 |  7- 9 || total
-------------------------+-------+-------+-------++-------
Melee: War axe           |    52 |   102 |   152 ||   306
       Headbutt          |     5 |    15 |    37 ||    57
       Unarmed           |       |       |    11 ||    11
       Mace              |       |       |    68 ||    68
  Use: Scroll            |       |       |    18 ||    18
Armor: Scale mail        |    23 |    42 |   123 ||   188
Dodge: Dodged            |    24 |    68 |   164 ||   256
Block: Buckler           |     7 |    19 |    62 ||    88

Levels and vault maps discovered:
D:1:      eino_arrival_tree_alley, layout_rooms, serial_bayou_lake_a
D:2:      layout_loops_ring, chequers_ecumenical_altar_island
D:3:      layout_loops_ring, lemuel_coloured_pillars_altar
D:4:      layout_rooms, nicolae_elevator_lobby_plus
D:5:      layout_basic, minmay_overflow_temple_star_hex,
          nicolae_wu_jian_wuxing_cycle, mainiacjoe_overflow_tiny_flanked,
          minmay_temple_entry_butterflies, ebering_ghost_reflecting_pool,
          nicolae_wooded_promenade, uniq_crazy_yiuf_cottage
D:6:      layout_layer_cave
D:7:      layout_layer_cave, tso_oasis_becter, lemuel_tele_altar,
          nicolae_overflow_hidden_temple, st_stairs_4, uniq_maggie
Temple:   chequers_temple_sunken

Notes
Turn   | Place    | Note
-------+----------+-------------------------------------------
     0 | D:1      | Sanktem7 the Minotaur Fighter began the quest for the Orb.
     0 | D:1      | Reached XP level 1. HP: 19/19 MP: 0/0
     0 | D:1      | magus.rc [v1.9.6]
    58 | D:1      | Reached skill level 4 in Fighting
    58 | D:1      | Reached XP level 2. HP: 14/27 MP: 1/1
   245 | D:1      | Reached skill level 3 in Axes
   488 | D:1      | Reached XP level 3. HP: 33/33 MP: 2/2
   768 | D:2      | Reached skill level 4 in Armour
   820 | D:2      | Reached skill level 1 in Throwing
   876 | D:2      | Found a faded altar of an unknown god.
  1396 | D:3      | Reached XP level 4. HP: 38/41 MP: 3/3
  1691 | D:3      | Found a blossoming altar of Fedhas.
  1855 | D:3      | You add the spells Tukima's Dance, Passage of Golubria and
                  | Yara's Violent Unravelling to your library.
  1955 | D:3      | Reached skill level 4 in Axes
  2201 | D:4      | Reached skill level 5 in Fighting
  2201 | D:4      | Reached XP level 5. HP: 48/48 MP: 4/4
  2331 | D:4      | Reached skill level 2 in Throwing
  2360 | D:4      | Reached skill level 5 in Axes
  2360 | D:4      | Reached XP level 6. HP: 55/57 MP: 5/5
  2740 | D:5      | Entered Level 5 of the Dungeon
  2804 | D:5      | Reached skill level 6 in Fighting
  2813 | D:5      | Reached skill level 5 in Armour
  2821 | D:5      | Reached XP level 7. HP: 44/64 MP: 6/6
  2841 | D:5      | Found a staircase to the Ecumenical Temple.
  2860 | D:5      | Reached skill level 6 in Axes
  2869 | D:5      | Reached skill level 3 in Throwing
  3066 | Temple   | Entered the Ecumenical Temple
  3072 | Temple   | Became a worshipper of Warmaster Okawaru
  3094 | D:5      | Found a runed translucent door.
  3118 | D:5      | Found an ornate altar of the Wu Jian Council.
  3175 | D:5      | Reached skill level 7 in Fighting
  3254 | D:5      | Found a hazy altar of Hepliaklqana.
  3265 | D:5      | Found a bloodstained altar of Trog.
  3265 | D:5      | Found a stormy altar of Qazlal.
  3359 | D:5      | Found a sacrificial altar of Ru.
  3369 | D:5      | Found a glowing silver altar of Zin.
  3418 | D:5      | Found a radiant altar of Vehumet.
  3527 | D:5      | Found a runed translucent door.
  3528 | D:5      | Noticed Crazy Yiuf
  3601 | D:5      | Found Wuytyh's Armour Shoppe.
  3725 | D:5      | Noticed leafyfresh's ghost (weakling OpDe)
  3731 | D:5      | Killed leafyfresh's ghost
  3854 | D:5      | Killed Crazy Yiuf
  4049 | D:6      | Reached XP level 8. HP: 56/72 MP: 7/7
  4059 | D:6      | Reached skill level 7 in Axes
  4059 | D:6      | Reached skill level 1 in Maces & Flails
  4289 | D:6      | Reached * piety under Okawaru
  4290 | D:6      | Reached skill level 6 in Armour
  4486 | D:6      | Reached skill level 8 in Fighting
  4486 | D:6      | Reached skill level 2 in Maces & Flails
  4518 | D:6      | Reached skill level 4 in Throwing
  5233 | D:6      | Reached skill level 8 in Axes
  5869 | D:7      | Reached skill level 3 in Maces & Flails
  6097 | D:7      | HP: 15/69 [steam dragon] (8)]
  6099 | D:7      | Reached XP level 9. HP: 17/79 MP: 8/8
  6103 | D:7      | HP: 16/80 [orc/+0 club (2)]
  6598 | D:7      | Reached ** piety under Okawaru
  6599 | D:7      | Reached skill level 9 in Fighting
  6599 | D:7      | Reached skill level 4 in Maces & Flails
  6923 | D:7      | HP: 20/83 [gnoll/+0 halberd[a gnoll sergeant] (11)]
  6924 | D:7      | HP: 8/83 [gnoll sergeant/+3 spear of flaming (8)]
  6925 | D:7      | Slain by a gnoll sergeant

Vanquished Creatures
  A hornet (D:7)
  2 steam dragons (D:7)
  2 ice beasts
  2 orc warriors
  A centaur (D:6)
  An ogre (D:7)
  A phantom (D:6)
  A kobold brigand (D:5)
  4 bullfrogs
  2 scorpions
  2 necrophages
  A gnoll sergeant (D:5)
  3 wights (D:6)
  An orc priest (D:7)
  Crazy Yiuf (D:5)
  3 hounds
  A gnoll bouda (D:7)
  2 iguanas
  5 orc wizards
  15 gnolls
  6 adders
  3 shadow imps
  An ufetubus (D:5)
  2 worms (D:3)
  The ghost of leafyfresh the Sneak, a weakling OpDe (D:5)
  5 dart slugs
  16 orcs
  4 ball pythons
  6 endoplasms
  2 giant cockroaches (D:4)
  11 goblins
  2 hobgoblins
  11 kobolds
  3 quokkas
  2 bats
  3 frilled lizards
  A rat (D:1)
130 creatures vanquished.

Vanquished Creatures (others)
  3 plants (D:1)
3 creatures vanquished.

Grand Total: 133 creatures vanquished

Table legend:
 A = Non-vault XP
 B = Vault XP
 C = Vault XP percentage of total XP
 D = Non-vault monster count
 E = Vault monster count
 F = Vault count percentage of total count
                 A         B        C        D         E       F
            +---------+---------+-------+---------+---------+-------
      Total |    3203 |     275 |   7.9 |     126 |       4 |   3.1
            +---------+---------+-------+---------+---------+-------
        D:1 |      41 |       0 |   0.0 |      15 |       0 |   0.0
        D:2 |      44 |       0 |   0.0 |      12 |       0 |   0.0
        D:3 |      96 |       0 |   0.0 |      13 |       0 |   0.0
        D:4 |     387 |       0 |   0.0 |      22 |       0 |   0.0
        D:5 |     769 |      46 |   5.6 |      30 |       2 |   6.2
        D:6 |    1089 |       0 |   0.0 |      20 |       0 |   0.0
        D:7 |     777 |     229 |  22.8 |      14 |       2 |  12.5
            +---------+---------+-------+---------+---------+-------

Illustrated notes

Table legend:
 A = Kills in this place as a percentage of kills in entire the game.
 B = Kills by you in this place as a percentage of kills by you in the entire game.
 C = Kills by friends in this place as a percentage of kills by friends in the entire game.
 D = Other kills in this place as a percentage of other kills in the entire game.
 E = Experience gained in this place as a percentage of experience gained in the entire game.
 F = Experience gained in this place divided by the number of levels of this place that you have seen.
                   A       B       C       D       E      F
               +-------+-------+-------+-------+-------+----------------------
         Total | 100.0 | 100.0 |   N/A |   N/A | 100.0 | 434.8
       Dungeon | 100.0 | 100.0 |   N/A |   N/A | 100.0 | 496.9
               +-------+-------+-------+-------+-------+----------------------

Table legend: (Time is in decaauts)
 A = Elapsed time spent in this place.
 B = Non-inter-level travel time spent in this place.
 C = Inter-level travel time spent in this place.
 D = Time resting spent in this place.
 E = Time spent auto-exploring this place.
 F = Levels seen in this place.
 G = Mean time per level.
                   A        B        C        D        E       F      G
               +--------+--------+--------+--------+--------+-----+--------+
         Total |   7065 |   6847 |    218 |    298 |   5561 |   8 |  883.1 |
       Dungeon |   7051 |   6833 |    218 |    298 |   5561 |   7 | 1007.3 |
        Temple |     13 |     13 |      0 |      0 |      0 |   1 |   13.0 |
               +--------+--------+--------+--------+--------+-----+--------+

Top non-repeatable levels by time:
     D:6: 1845 daAuts
     D:5: 1261 daAuts
     D:7: 1112 daAuts
     D:3: 814 daAuts
     D:1: 795 daAuts
     D:2: 626 daAuts
     D:4: 595 daAuts
  Temple: 13 daAuts
